 Dungeon Crawl Stone Soup version 0.13.0 (webtiles) character file.

410 MackTheKnife the Firebug (level 5, 0/28 HPs)
             Began as a Deep Elf Fire Elementalist on Oct 12, 2013.
             Killed by divine providence
             ... invoked by an orc priest
              (13 damage)
             ... on Level 3 of the Dungeon.
             The game lasted 00:09:00 (2937 turns).

MackTheKnife the Firebug (DEFE)                     Turns: 2937, Time: 00:09:01

HP   0/28        AC  3     Str  6      XL: 5   Next: 26%
MP   1/18        EV 13     Int 20      God:
Gold 240         SH  0     Dex 15      Spells:  3 memorised,  8 levels left

Res.Fire  : . . .   See Invis. : .   g - +2,+0 elf spear
Res.Cold  : . . .   Warding    : .   a - +0 elf robe
Life Prot.: . . .   Conserve   : .   (no shield)
Res.Poison: .       Res.Corr.  : +   (no helmet)
Res.Elec. : .       Clarity    : .   (no cloak)
Sust.Abil.: . .     Spirit.Shd : .   u - +0 pair of gauntlets
Res.Mut.  : .       Stasis     : .   (no boots)
Res.Rott. : .       Flight     : .   t - amulet of resist corrosion
Saprovore : . . .                    (no ring)
                                     (no ring)

@: slightly resistant to hostile enchantments, fairly stealthy
A: no striking features
a: no special abilities


You were on level 3 of the Dungeon.
You were not hungry.

You visited 1 branch of the dungeon, and saw 3 of its levels.

You collected 220 gold pieces.

Inventory:

Hand weapons
 g - a +2,+0 elven spear (weapon)
 n - a +0,+1 sling of flame
Armour
 a - a +0 elven robe (worn)
 u - a +0 pair of gauntlets (worn)
Comestibles
 c - a bread ration
 f - a pear
 s - a rotting chunk of adder flesh
 x - an apple
Scrolls
 d - a scroll of enchant weapon II {unknown}
 e - a scroll of curse weapon {unknown}
 h - a scroll of noise {unknown}
 j - 2 scrolls of identify
 l - a scroll of remove curse {unknown}
 m - a scroll of curse armour {unknown}
 r - a scroll of curse jewellery {unknown}
 y - a scroll of amnesia {unknown}
 z - a scroll of blinking {unknown}
Jewellery
 t - an amulet of resist corrosion (around neck)
Potions
 i - a potion of mutation {unknown}
 k - a potion of paralysis {unknown}
 o - a potion of brilliance {unknown}
 p - a potion of agility {unknown}
 q - 4 potions of speed {unknown}
 v - 2 potions of curing {unknown}
 w - a potion of beneficial mutation {unknown}
 A - a potion of restore abilities {unknown}
Books
 b - a book of Flames

   Spells                             Type                      Level
   *Flame Tongue                      Conjuration/Fire             1
   *Throw Flame                       Conjuration/Fire             2
   *Conjure Flame                     Conjuration/Fire             3
   Inner Flame                        Hexes/Fire                   3
   Sticky Flame                       Conjuration/Fire             4
   Fireball                           Conjuration/Fire             5


   Skills:
 - Level 2.4 Dodging
 - Level 2.4 Stealth
 + Level 5.0 Spellcasting
 - Level 1.1 Conjurations
 + Level 5.1 Fire Magic


You had 8 spell levels left.
You knew the following spells:

 Your Spells              Type           Power        Failure   Level  Hunger
a - Flame Tongue          Conj/Fire      ###..        3%          1    None
b - Throw Flame           Conj/Fire      ###...       6%          2    None
c - Conjure Flame         Conj/Fire      ###.....     12%         3    ##.....


Dungeon Overview and Level Annotations

Branches:
Dungeon (3/27)

Altars:


Message History

Confirm with . or Enter, or press ? or * to list all spells.
Aiming: Throw Flame
Press: ? - help, Shift-Dir - straight line, f/p - orc priest
Aim: an orc priest, wielding an orcish hand axe and wearing an orcish leather armour (severely wounded)
The puff of flame hits the orc priest.
The orc priest appears unharmed.
The orc priest is severely wounded.
Casting: Throw Flame
Confirm with . or Enter, or press ? or * to list all spells.
You can't see any susceptible monsters within range! (Use Z to cast anyway.)
The orc priest invokes the aid of Beogh against you.
Something smites you!
Casting: Throw Flame
Confirm with . or Enter, or press ? or * to list all spells.
Aiming: Throw Flame
Press: ? - help, Shift-Dir - straight line, f/p - orc priest
Aim: an orc priest, wielding an orcish hand axe and wearing an orcish leather armour (severely wounded)
The puff of flame hits the orc.
The orc appears unharmed.
The orc priest calls down the wrath of Beogh upon you.
Something smites you!
You die...

#####......# ..#
...........# ....#
........... ..)#
........### ..)#
..........###...o#
.....(..........o.
......###.######.#
......# #.####.#.#
##% ......#
#......#@#.....#
......#
##...........#
......#
#.##.###..###
......#
#.........#
......#
#.######.##
......# #.# ##
......####.#
########...# #####


You could see an orc priest and an orc.

Vanquished Creatures
  A worker ant (D:3)
  Jessica (D:2)
  5 adders
  A giant mite (D:3)
  4 giant geckos
  4 orcs (D:3)
  4 giant cockroaches
  12 goblins
  8 hobgoblins
  2 jackals (D:2)
  A ball python (D:1)
  7 bats
  4 giant newts
  11 kobolds
  4 rats
69 creatures vanquished.

Notes
Turn   | Place    | Note
--------------------------------------------------------------
     0 | D:1      | MackTheKnife, the Deep Elf Fire Elementalist, began the quest for the Orb.
     0 | D:1      | Reached XP level 1. HP: 10/10 MP: 4/4
   343 | D:1      | Reached XP level 2. HP: 15/15 MP: 5/7
   390 | D:1      | Learned a level 2 spell: Throw Flame
  1149 | D:1      | Reached skill level 4 in Fire Magic
  1181 | D:1      | Reached XP level 3. HP: 19/19 MP: 8/10
  1436 | D:2      | Noticed Jessica
  1459 | D:2      | Killed Jessica
  1607 | D:2      | Reached XP level 4. HP: 21/24 MP: 6/14
  2572 | D:3      | Reached XP level 5. HP: 23/28 MP: 15/18
  2631 | D:3      | Learned a level 3 spell: Conjure Flame
  2633 | D:3      | Reached skill level 5 in Spellcasting
  2647 | D:3      | Reached skill level 5 in Fire Magic
  2937 | D:3      | Killed from afar by an orc priest

Action                   |  1- 3 |  4- 6 || total
-------------------------+-------+-------++-------
Melee: Unarmed           |     6 |       ||     6
       Spear             |    32 |    62 ||    94
       Dagger            |     1 |       ||     1
 Cast: Flame Tongue      |    49 |    13 ||    62
       Throw Flame       |     8 |    23 ||    31
  Use: Scroll            |       |     1 ||     1
 Stab: Sleeping          |     4 |       ||     4
